Bruins vs Devils

Created - March 6, 2020 at 22:11

Goals
1 2 3 T
Bruins 0 3 2 5
Devils 1 1 0 2
Shots
1 2 3 T
Bruins 12 14 4 30
Devils 11 14 6 31

1st period

1. Devils , Brent Seabrook 6 (Riley Sheahan 14) at 14:43

Penalties :
Brent Seabrook (NJD) for Interference (Minor) at 6:31

2nd period

2. Devils , Johnny Gaudreau 36 (Rostislav Olesz 7) at 5:32
3. Bruins , Kevin Bieksa 2 (Adam Pelech 1, Jonathan Toews 32) at 6:34
4. Bruins , Casey Cizikas 6 (Adam Pelech 2, Mattias Tedenby 8) at 10:23
5. Bruins , Wojtek Wolski 28 (Zack Kassian 24, Jason Demers 29) at 15:55

Penalties :
Brandon Burlon (NJD) for High sticking (Minor) at 0:47, Wojtek Wolski (Bos) for Hooking (Minor) at 17:28

3rd period

6. Bruins , Kris Chucko 7 (Casey Cizikas 8, Scott Hartnell 26) at 12:10
7. Bruins , Dave Bolland 10 (Jason Demers 30, Brendan Smith 20) at 17:49

Penalties :
Casey Cizikas (Bos) for Roughing (Minor) at 6:36, Scott Hartnell (Bos) for Tripping (Minor) at 8:59, Brady Skjei (NJD) for Roughing (Minor) at 14:27, Brent Seabrook (NJD) for Roughing (Minor) at 18:20

Goalie Stats

Kevin Poulin (Bos), 29 saves from 31 shots - (0.935), W, 23-16-4, 60:00 minutes
Keith Kinkaid (NJD), 25 saves from 30 shots - (0.833), L, 6-8-0, 60:00 minutes

Players Stats for Bruins

Player Name              G  A  P  +/- PIM S  H  SB GA TA FO     MP     PP MP  PK MP  
------------------------------------------------------------------------------------
Adam Pelech              0  2  2   1  0   1  1  0  0  0  0/0    11:32   0:00   0:00 
Brendan Smith            0  1  1   2  0   0  2  4  1  1  0/0    27:44   4:18   3:27 
Casey Cizikas            1  1  2   2  2   1  0  0  0  0  2/3     7:00   0:00   0:18 
Dave Bolland             1  0  1   0  0   2  1  0  0  1  2/4    12:21   0:00   1:26 
Jason Demers             0  2  2   2  0   0  0  1  0  1  0/0    27:19   3:18   3:27 
Johnny Boychuk           0  0  0   0  0   1  0  0  0  0  0/0    20:44   3:18   2:30 
Jonathan Toews           0  1  1   1  0   0  5  0  1  0  13/25  22:49   3:57   2:55 
Kevin Bieksa             1  0  1   1  0   2  4  2  0  0  0/0    16:15   4:18   0:00 
Kris Chucko              1  0  1   2  0   1  0  0  0  0  0/0     8:24   0:00   1:38 
Mattias Tedenby          0  1  1   2  0   0  0  0  1  0  0/0     6:34   0:00   0:00 
Mike Ribeiro             0  0  0   0  0   2  1  0  1  0  8/14   16:40   3:39   0:00 
Rene Bourque             0  0  0   0  0   1  1  0  0  0  0/1    12:14   0:00   1:38 
Scott Hartnell           0  1  1   0  2   4  4  0  1  0  0/0    16:55   3:39   0:00 
Shane O'Brien            0  0  0   0  0   0  1  0  0  0  0/0    16:26   0:00   2:30 
T.J Galiardi             0  0  0   0  0   3  0  0  0  1  0/0    10:36   0:00   0:00 
Victor Oreskovich        0  0  0   0  0   5  1  1  0  0  0/0    16:40   3:39   0:00 
Wojtek Wolski            1  0  1   1  2   3  1  1  0  0  2/4    21:03   3:57   1:00 
Zack Kassian             0  1  1   1  0   4  1  1  2  0  2/5    22:44   3:57   2:59 

Players Stats for Devils

Player Name              G  A  P  +/- PIM S  H  SB GA TA FO     MP     PP MP  PK MP  
------------------------------------------------------------------------------------
Anthony Stewart          0  0  0  -2  0   1  1  1  0  0  0/0     8:14   0:04   0:00 
Brady Skjei              0  0  0  -2  2   2  1  0  0  0  0/0    19:16   3:09   1:48 
Brandon Burlon           0  0  0   0  2   1  0  0  0  0  0/0    15:20   0:00   3:30 
Brenden Morrow           0  0  0  -1  0   0  0  1  1  0  0/0    16:43   0:04   4:04 
Brent Seabrook           1  0  1  -1  4   4  3  0  0  0  0/0    23:34   2:48   2:55 
Johnny Gaudreau          1  0  1   0  0   3  0  2  0  0  0/0    20:29   3:05   1:48 
Jordan Caron             0  0  0   0  0   0  1  1  0  0  0/0     9:50   0:00   0:00 
Kellan Lain              0  0  0   0  0   3  2  1  0  0  0/0    14:47   2:48   1:38 
Kevin Porter             0  0  0   0  0   4  2  1  0  0  3/8    13:02   0:00   2:17 
Ladislav Smid            0  0  0   0  0   2  1  2  0  2  0/0    15:23   0:00   3:51 
Marian Hossa             0  0  0  -1  0   1  0  1  1  0  1/1    14:49   2:48   0:00 
Riley Sheahan            0  1  1  -1  0   0  1  0  0  1  6/10   19:01   2:48   4:12 
Rostislav Olesz          0  1  1  -2  0   2  1  0  0  0  0/0     8:31   0:04   0:00 
Tobias Enstrom           0  0  0  -1  0   3  2  2  1  1  0/0    24:10   2:48   3:08 
Travis Hamonic           0  0  0  -2  0   1  1  1  0  1  0/0    22:54   3:09   0:00 
Tyler Bozak              0  0  0  -2  0   1  0  0  0  1  1/4     7:55   0:00   0:00 
Tyler Seguin             0  0  0   0  0   2  4  0  0  0  16/31  19:49   3:05   1:13 
Viktor Arvidsson         0  0  0   0  0   1  2  0  1  1  0/2    18:33   3:05   0:00 

3 Stars

1 - Kevin Bieksa (Bos)
2 - Casey Cizikas (Bos)
3 - Jason Demers (Bos)

Power Play

Bruins - 0 on 4 Attempt(s) - 0.00%
Devils - 0 on 3 Attempt(s) - 0.00%

Penalty Kill

Bruins - 3 on 3 Attempt(s) - 100.00% - Score 0 goal in Penalty Kill
Devils - 4 on 4 Attempt(s) - 100.00% - Score 0 goal in Penalty Kill

Team Stat

Bruins - Hits : 23 - Faceoff Wins : 29 - Blocked Shots : 10 - Penalty Minutes : 6
Devils - Hits : 22 - Faceoff Wins : 27 - Blocked Shots : 13 - Penalty Minutes : 8

Official

Referees : Unknown
Linesman : Unknown

Game Notes

No Game Note

Finance

Level 1 -- Attendance: 4588 (76.47%) -- Ticket Income $504,680
Level 2 -- Attendance: 4314 (86.28%) -- Ticket Income $301,980
Level 3 -- Attendance: 1539 (76.95%) -- Ticket Income $70,794
Level 4 -- Attendance: 3337 (83.43%) -- Ticket Income $100,110
Luxury Box -- Attendance: 1000 (100.00%) -- Ticket Income $180,000
Game was played at the The prudential Center.
Total Attendance: 14778 (82.10%)
Total Ticket Income: $1,157,564
Other Income: $173,635
Total Income: $1,331,199

Bruins

5 vs 5 Forward 
   Center                   Left Wing                Right Wing               Time % Phy DF OF 
 1 Jonathan Toews           Wojtek Wolski            Zack Kassian             40     0   2  3  
 2 Mike Ribeiro             Scott Hartnell           Victor Oreskovich        30     0   2  3  
 3 Dave Bolland             T.J Galiardi             Rene Bourque             20     1   2  2  
 4 Casey Cizikas            Kris Chucko              Mattias Tedenby          10     1   2  2  

5 vs 5 Defense 
   Defense                  Defense                                           Time % Phy DF OF 
 1 Jason Demers             Brendan Smith                                     40     1   2  2  
 2 Shane O'Brien            Johnny Boychuk                                    30     1   2  2  
 3 Adam Pelech              Kevin Bieksa                                      20     1   2  2  
 4 Jason Demers             Brendan Smith                                     10     1   2  2  

PowerPlay Forward 
   Center                   Left Wing                Right Wing               Time % Phy DF OF 
 1 Jonathan Toews           Wojtek Wolski            Zack Kassian             60     0   2  3  
 2 Mike Ribeiro             Scott Hartnell           Victor Oreskovich        40     0   2  3  

PowerPlay Defense
   Defense                  Defense                                           Time % Phy DF OF 
 1 Kevin Bieksa             Brendan Smith                                     60     0   2  3  
 2 Jason Demers             Johnny Boychuk                                    40     0   2  3  

Penalty Kill 4 Players Forward 
   Center                   Wing                     Time % Phy DF OF 
 1 Jonathan Toews           Zack Kassian             60     0   2  2  
 2 Dave Bolland             Wojtek Wolski            40     0   3  2  

Penalty Kill 4 Players Defense
   Defense                  Defense                  Time % Phy DF OF 
 1 Jason Demers             Brendan Smith            60     1   3  1  
 2 Shane O'Brien            Johnny Boychuk           40     1   3  1  

Penalty Kill - 3 Players Forward 
   Forward                                           Time % Phy DF OF 
 1 Zack Kassian                                      60     0   4  1  
 2 Wojtek Wolski                                     40     0   4  1  

Penalty Kill - 3 Players Defense
   Defense                  Defense                  Time % Phy DF OF 
 1 Jason Demers             Brendan Smith            60     0   5  0  
 2 Shane O'Brien            Johnny Boychuk           40     0   5  0  

4 vs 4 Forward 
   Center                   Wing                     Time % Phy DF OF 
 1 Jonathan Toews           Wojtek Wolski            60     1   2  2  
 2 Zack Kassian             Victor Oreskovich        40     1   2  2  

4 vs 4 Defense
   Defense                  Defense                  Time % Phy DF OF 
 1 Jason Demers             Brendan Smith            60     1   2  2  
 2 Shane O'Brien            Johnny Boychuk           40     1   2  2  

Last Minutes Offensive
   Center                   Left Wing                Right Wing               Defense                  Defense                  
   Jonathan Toews           Wojtek Wolski            Zack Kassian             Jason Demers             Brendan Smith            

Last Minutes Defensive
   Center                   Left Wing                Right Wing               Defense                  Defense                  
   Jonathan Toews           Wojtek Wolski            Zack Kassian             Jason Demers             Brendan Smith            

Goaltenders
Starting : Kevin Poulin             
Backup : Josh Tordjman            

Extra Forwards
Normal : Casey Cizikas, Dave Bolland, Rene Bourque - PP : Casey Cizikas, Dave Bolland - PK : Rene Bourque
Extra Defensemen
Normal : Johnny Boychuk, Jason Demers, Brendan Smith - PP : Johnny Boychuk - PK : Jason Demers, Shane O'Brien
Penalty Shots
Wojtek Wolski, Jonathan Toews, Mattias Tedenby, Mike Ribeiro, Zack Kassian

Scratches
None

Devils

5 vs 5 Forward 
   Center                   Left Wing                Right Wing               Time % Phy DF OF 
 1 Tyler Seguin             Johnny Gaudreau          Viktor Arvidsson         40     1   2  2  
 2 Riley Sheahan            Brenden Morrow           Marian Hossa             30     1   2  2  
 3 Kevin Porter             Kellan Lain              Jordan Caron             20     1   2  2  
 4 Tyler Bozak              Rostislav Olesz          Anthony Stewart          10     1   2  2  

5 vs 5 Defense 
   Defense                  Defense                                           Time % Phy DF OF 
 1 Travis Hamonic           Brent Seabrook                                    40     1   2  2  
 2 Brady Skjei              Tobias Enstrom                                    30     1   2  2  
 3 Ladislav Smid            Brandon Burlon                                    20     1   2  2  
 4 Travis Hamonic           Tobias Enstrom                                    10     1   2  2  

PowerPlay Forward 
   Center                   Left Wing                Right Wing               Time % Phy DF OF 
 1 Tyler Seguin             Johnny Gaudreau          Viktor Arvidsson         60     1   2  2  
 2 Riley Sheahan            Kellan Lain              Marian Hossa             40     1   2  2  

PowerPlay Defense
   Defense                  Defense                                           Time % Phy DF OF 
 1 Travis Hamonic           Brady Skjei                                       60     1   2  2  
 2 Tobias Enstrom           Brent Seabrook                                    40     1   2  2  

Penalty Kill 4 Players Forward 
   Center                   Wing                     Time % Phy DF OF 
 1 Riley Sheahan            Brenden Morrow           60     1   2  2  
 2 Kevin Porter             Kellan Lain              40     1   2  2  

Penalty Kill 4 Players Defense
   Defense                  Defense                  Time % Phy DF OF 
 1 Brent Seabrook           Brandon Burlon           60     1   2  2  
 2 Tobias Enstrom           Ladislav Smid            40     1   2  2  

Penalty Kill - 3 Players Forward 
   Forward                                           Time % Phy DF OF 
 1 Brenden Morrow                                    60     1   2  2  
 2 Kevin Porter                                      40     1   2  2  

Penalty Kill - 3 Players Defense
   Defense                  Defense                  Time % Phy DF OF 
 1 Travis Hamonic           Brent Seabrook           60     1   2  2  
 2 Tobias Enstrom           Ladislav Smid            40     1   2  2  

4 vs 4 Forward 
   Center                   Wing                     Time % Phy DF OF 
 1 Tyler Seguin             Brenden Morrow           60     1   2  2  
 2 Riley Sheahan            Viktor Arvidsson         40     1   2  2  

4 vs 4 Defense
   Defense                  Defense                  Time % Phy DF OF 
 1 Travis Hamonic           Brent Seabrook           60     1   2  2  
 2 Tobias Enstrom           Brady Skjei              40     1   2  2  

Last Minutes Offensive
   Center                   Left Wing                Right Wing               Defense                  Defense                  
   Tyler Seguin             Johnny Gaudreau          Viktor Arvidsson         Travis Hamonic           Brent Seabrook           

Last Minutes Defensive
   Center                   Left Wing                Right Wing               Defense                  Defense                  
   Riley Sheahan            Brenden Morrow           Marian Hossa             Travis Hamonic           Brent Seabrook           

Goaltenders
Starting : Keith Kinkaid            
Backup : Antti Niemi              

Extra Forwards
Normal : Riley Sheahan, Rostislav Olesz, Kevin Porter - PP : Brenden Morrow, Rostislav Olesz - PK : Kevin Porter
Extra Defensemen
Normal : Brady Skjei, Ladislav Smid, Tobias Enstrom - PP : Brady Skjei - PK : Ladislav Smid, Tobias Enstrom
Penalty Shots
Tyler Seguin, Viktor Arvidsson, Johnny Gaudreau, Riley Sheahan, Marian Hossa

Scratches
Radko Gudas (Healthy)

% Time on Ice - Bruins

Lines # - Real PCT - Wanted PCT - Time Play
Normal Forward
1 - 34% - 40% - 15:57
2 - 29% - 30% - 13:20
3 - 23% - 20% - 10:36
4 - 14% - 10% - 6:34
Normal Defense
1 - 39% - 40% - 18:10
2 - 33% - 30% - 15:09
3 - 25% - 20% - 11:32
4 - 3% - 10% - 1:36
PP Forward
1 - 52% - 60% - 3:57
2 - 48% - 40% - 3:39
PP Defense
1 - 57% - 60% - 4:18
2 - 43% - 40% - 3:18
PK Forward
1 - 76% - 60% - 4:31
2 - 24% - 40% - 1:26
PK Defense
1 - 58% - 60% - 3:27
2 - 42% - 40% - 2:30
PK3 Forward
1 - 0% - 60%
2 - 0% - 40%
PK3 Defense
1 - 0% - 60%
2 - 0% - 40%
44 Forward
1 - 0% - 60%
2 - 0% - 40%
44 Defense
1 - 0% - 60%
2 - 0% - 40%
Last Minute Offensive  - 0:00
Last Minute Defensive  - 0:00
Total
Forward - 60:00
Defense - 60:00

% Time on Ice - Devils

Lines # - Real PCT - Wanted PCT - Time Play
Normal Forward
1 - 34% - 40% - 15:46
2 - 28% - 30% - 12:56
3 - 21% - 20% - 9:50
4 - 17% - 10% - 7:55
Normal Defense
1 - 37% - 40% - 17:22
2 - 32% - 30% - 14:51
3 - 24% - 20% - 11:21
4 - 6% - 10% - 2:53
PP Forward
1 - 53% - 60% - 3:09
2 - 47% - 40% - 2:48
PP Defense
1 - 53% - 60% - 3:09
2 - 47% - 40% - 2:48
PK Forward
1 - 79% - 60% - 5:58
2 - 21% - 40% - 1:38
PK Defense
1 - 88% - 60% - 6:39
2 - 13% - 40% - 0:57
PK3 Forward
1 - 0% - 60%
2 - 0% - 40%
PK3 Defense
1 - 0% - 60%
2 - 0% - 40%
44 Forward
1 - 0% - 60%
2 - 0% - 40%
44 Defense
1 - 0% - 60%
2 - 0% - 40%
Last Minute Offensive  - 0:00
Last Minute Defensive  - 0:00
Total
Forward - 60:00
Defense - 60:00

Play-by-Play

1st period


0:01 of 1st period - Tyler Seguin wins face-off versus Jonathan Toews in neutral zone.
0:04 of 1st period - Snap shot by Tyler Seguin.
0:04 of 1st period - Shot Blocked by Jason Demers.
0:06 of 1st period - Slapshot by Brent Seabrook.
0:06 of 1st period - Shot Blocked by Brendan Smith.
0:26 of 1st period - Jonathan Toews is hit by Kevin Porter and loses puck.
2:07 of 1st period - Wrist shot by Scott Hartnell.
2:07 of 1st period - Stopped by Keith Kinkaid with a rebound.
2:47 of 1st period - Snap shot by Wojtek Wolski.
2:47 of 1st period - Stopped by Keith Kinkaid with a rebound.
3:00 of 1st period - Off-side.
3:01 of 1st period - Riley Sheahan wins face-off versus Mike Ribeiro in neutral zone.
3:12 of 1st period - Wrist shot by Victor Oreskovich.
3:12 of 1st period - Stopped by Keith Kinkaid with a rebound.
3:26 of 1st period - Zack Kassian is hit by Tyler Seguin and loses puck.
3:53 of 1st period - Snap shot by Dave Bolland.
3:53 of 1st period - Stopped by Keith Kinkaid with a rebound.
3:59 of 1st period - Slapshot by T.J Galiardi.
3:59 of 1st period - Stopped by Keith Kinkaid without a rebound.
4:00 of 1st period - Tyler Seguin wins face-off versus Mike Ribeiro in Devils zone.
4:21 of 1st period - Jonathan Toews is hit by Brady Skjei and loses puck.
4:36 of 1st period - Slapshot by Riley Sheahan.
4:36 of 1st period - Deflect By Brenden Morrow.
4:36 of 1st period - Shot Misses the Net.
4:36 of 1st period - Puck is out of play.
4:37 of 1st period - Riley Sheahan wins face-off versus Casey Cizikas in Bruins zone.
4:44 of 1st period - Wrist shot by Brenden Morrow.
4:44 of 1st period - Shot Misses the Net.
4:50 of 1st period - Wrist shot by Brenden Morrow.
4:50 of 1st period - Shot Misses the Net.
5:02 of 1st period - Jason Demers is hit by Kevin Porter and loses puck.
5:07 of 1st period - Snap shot by Kellan Lain.
5:07 of 1st period - Stopped by Kevin Poulin with a rebound.
5:09 of 1st period - Slapshot by Ladislav Smid.
5:09 of 1st period - Stopped by Kevin Poulin without a rebound.
5:10 of 1st period - Tyler Seguin wins face-off versus Wojtek Wolski in Bruins zone.
5:23 of 1st period - Snap shot by Wojtek Wolski.
5:23 of 1st period - Shot Blocked by Ladislav Smid.
5:25 of 1st period - Wrist shot by Zack Kassian.
5:25 of 1st period - Stopped by Keith Kinkaid with a rebound.
5:45 of 1st period - Snap shot by Victor Oreskovich.
5:45 of 1st period - Stopped by Keith Kinkaid with a rebound.
5:47 of 1st period - Slapshot by Adam Pelech.
5:47 of 1st period - Stopped by Keith Kinkaid without a rebound.
5:48 of 1st period - Kevin Porter wins face-off versus Jonathan Toews in Devils zone.
5:53 of 1st period - Snap shot by Kellan Lain.
5:53 of 1st period - Shot Blocked by Wojtek Wolski.
6:26 of 1st period - Slapshot by Tyler Seguin.
6:26 of 1st period - Deflect By Johnny Gaudreau.
6:26 of 1st period - Shot Hit the Post.
6:26 of 1st period - Puck is out of play.
6:27 of 1st period - Dave Bolland wins face-off versus Tyler Seguin in Bruins zone.
6:31 of 1st period - Minor Penalty to Brent Seabrook for Interference.
6:32 of 1st period - Zack Kassian wins face-off versus Riley Sheahan in Devils zone.
6:49 of 1st period - Wrist shot by Zack Kassian.
6:49 of 1st period - Stopped by Keith Kinkaid without a rebound.
6:50 of 1st period - Mike Ribeiro wins face-off versus Riley Sheahan in Devils zone.
8:31 of 1st period - Penalty to Brent Seabrook is over, Brent Seabrook is back on ice.
9:03 of 1st period - Johnny Boychuk is hit by Viktor Arvidsson and loses puck.
9:20 of 1st period - Adam Pelech is hit by Anthony Stewart.
9:24 of 1st period - Dave Bolland is hit by Travis Hamonic and loses puck.
10:11 of 1st period - Icing by Jonathan Toews.
10:12 of 1st period - Mike Ribeiro wins face-off versus Kevin Porter in Bruins zone.
10:17 of 1st period - Wrist shot by Victor Oreskovich.
10:17 of 1st period - Stopped by Keith Kinkaid with a rebound.
10:19 of 1st period - Wrist shot by Scott Hartnell.
10:19 of 1st period - Deflect By Mike Ribeiro.
10:19 of 1st period - Shot Blocked by Jordan Caron.
10:19 of 1st period - Puck is out of play.
10:20 of 1st period - Jonathan Toews wins face-off versus Tyler Seguin in Devils zone.
10:33 of 1st period - Slapshot by Tobias Enstrom.
10:33 of 1st period - Deflect By Tyler Seguin.
10:33 of 1st period - Shot Misses the Net.
10:33 of 1st period - Puck is out of play.
10:34 of 1st period - Jonathan Toews wins face-off versus Tyler Seguin in Bruins zone.
11:00 of 1st period - Travis Hamonic is hit by Victor Oreskovich and loses puck.
12:26 of 1st period - Slapshot by T.J Galiardi.
12:26 of 1st period - Stopped by Keith Kinkaid without a rebound.
12:27 of 1st period - Marian Hossa wins face-off versus Rene Bourque in Devils zone.
12:27 of 1st period - Marian Hossa is hit by Brendan Smith.
13:09 of 1st period - Brenden Morrow is hit by Rene Bourque and loses puck.
13:24 of 1st period - Wrist shot by Brent Seabrook.
13:24 of 1st period - Shot Misses the Net.
13:52 of 1st period - Snap shot by Brenden Morrow.
13:52 of 1st period - Shot Blocked by Brendan Smith.
14:14 of 1st period - Slapshot by Brent Seabrook.
14:14 of 1st period - Stopped by Kevin Poulin with a rebound.
14:43 of 1st period - Slapshot by Brent Seabrook.
14:43 of 1st period - Goal by Brent Seabrook - Bruins : 0 - Devils : 1.
14:44 of 1st period - Jonathan Toews wins face-off versus Tyler Seguin in neutral zone.
15:11 of 1st period - Brady Skjei is hit by Scott Hartnell and loses puck.
15:37 of 1st period - Casey Cizikas is hit by Rostislav Olesz.
15:43 of 1st period - Ladislav Smid is hit by Kevin Bieksa and loses puck.
15:54 of 1st period - Snap shot by Tyler Seguin.
15:54 of 1st period - Shot Blocked by Kevin Bieksa.
15:56 of 1st period - Snap shot by Tyler Seguin.
15:56 of 1st period - Stopped by Kevin Poulin with a rebound.
15:58 of 1st period - Slapshot by Ladislav Smid.
15:58 of 1st period - Shot Blocked by Kevin Bieksa.
16:00 of 1st period - Snap shot by Ladislav Smid.
16:00 of 1st period - Stopped by Kevin Poulin without a rebound.
16:01 of 1st period - Mike Ribeiro wins face-off versus Kevin Porter in Bruins zone.
16:08 of 1st period - Wrist shot by Mike Ribeiro.
16:08 of 1st period - Shot Blocked by Kellan Lain.
16:10 of 1st period - Wrist shot by Kevin Bieksa.
16:10 of 1st period - Stopped by Keith Kinkaid with a rebound.
16:26 of 1st period - Viktor Arvidsson is hit by Zack Kassian and loses puck.
17:26 of 1st period - Kellan Lain is hit by Jonathan Toews.
18:20 of 1st period - Slapshot by Brent Seabrook.
18:20 of 1st period - Stopped by Kevin Poulin without a rebound.
18:21 of 1st period - Kevin Porter wins face-off versus Mike Ribeiro in Bruins zone.
18:26 of 1st period - Backhand shot by Kevin Porter.
18:26 of 1st period - Stopped by Kevin Poulin with a rebound.
18:28 of 1st period - Slapshot by Tobias Enstrom.
18:28 of 1st period - Deflect By Victor Oreskovich.
18:28 of 1st period - Stopped by Kevin Poulin without a rebound.
18:29 of 1st period - Tyler Seguin wins face-off versus Jonathan Toews in Bruins zone.
19:03 of 1st period - Kellan Lain is hit by Scott Hartnell and loses puck.
19:20 of 1st period - Backhand shot by Tobias Enstrom.
19:20 of 1st period - Stopped by Kevin Poulin with a rebound.
19:38 of 1st period - Slapshot by Rostislav Olesz.
19:38 of 1st period - Stopped by Kevin Poulin without a rebound.
19:39 of 1st period - Tyler Bozak wins face-off versus Jonathan Toews in Bruins zone.
Goals for this period are 0 for Bruins vs 1 for Devils.
Shots for this period are 12 for Bruins vs 11 for Devils.

2nd period


0:01 of 2nd period - Jonathan Toews wins face-off versus Tyler Seguin in neutral zone.
0:47 of 2nd period - Minor Penalty to Brandon Burlon for High sticking.
0:48 of 2nd period - Riley Sheahan wins face-off versus Jonathan Toews in Devils zone.
0:57 of 2nd period - Brenden Morrow is hit by Jonathan Toews and loses puck.
1:14 of 2nd period - Mike Ribeiro is hit by Ladislav Smid and loses puck.
1:21 of 2nd period - Brent Seabrook is hit by Scott Hartnell and loses puck.
1:51 of 2nd period - Icing by Scott Hartnell.
1:52 of 2nd period - Jonathan Toews wins face-off versus Tyler Seguin in Bruins zone.
2:12 of 2nd period - Snap shot by Victor Oreskovich.
2:12 of 2nd period - Stopped by Keith Kinkaid with a rebound.
2:14 of 2nd period - Snap shot by Scott Hartnell.
2:14 of 2nd period - Stopped by Keith Kinkaid without a rebound.
2:15 of 2nd period - Riley Sheahan wins face-off versus Mike Ribeiro in Devils zone.
2:32 of 2nd period - Snap shot by Mike Ribeiro.
2:32 of 2nd period - Stopped by Keith Kinkaid with a rebound.
2:47 of 2nd period - Penalty to Brandon Burlon is over, Brandon Burlon is back on ice.
2:50 of 2nd period - Slapshot by Scott Hartnell.
2:50 of 2nd period - Shot Hit the Post.
2:52 of 2nd period - Snap shot by Victor Oreskovich.
2:52 of 2nd period - Shot Misses the Net.
2:54 of 2nd period - Slapshot by Mike Ribeiro.
2:54 of 2nd period - Shot Blocked by Kevin Porter.
2:58 of 2nd period - Snap shot by Scott Hartnell.
2:58 of 2nd period - Deflect By Mike Ribeiro.
2:58 of 2nd period - Stopped by Keith Kinkaid with a rebound.
3:00 of 2nd period - Snap shot by Scott Hartnell.
3:00 of 2nd period - Stopped by Keith Kinkaid with a rebound.
3:14 of 2nd period - Slapshot by Victor Oreskovich.
3:14 of 2nd period - Shot Misses the Net.
3:16 of 2nd period - Slapshot by Johnny Boychuk.
3:16 of 2nd period - Stopped by Keith Kinkaid without a rebound.
3:17 of 2nd period - Tyler Seguin wins face-off versus Jonathan Toews in Devils zone.
3:17 of 2nd period - Tyler Seguin is hit by Adam Pelech.
3:25 of 2nd period - Snap shot by Brandon Burlon.
3:25 of 2nd period - Stopped by Kevin Poulin with a rebound.
3:27 of 2nd period - Wrist shot by Tyler Seguin.
3:27 of 2nd period - Shot Misses the Net.
3:48 of 2nd period - Brendan Smith is hit by Tobias Enstrom and loses puck.
4:02 of 2nd period - Anthony Stewart is hit by Jonathan Toews and loses puck.
4:09 of 2nd period - Wrist shot by Zack Kassian.
4:09 of 2nd period - Deflect By Jonathan Toews.
4:09 of 2nd period - Shot Blocked by Tobias Enstrom.
4:09 of 2nd period - Puck is out of play.
4:10 of 2nd period - Tyler Seguin wins face-off versus Dave Bolland in Devils zone.
4:21 of 2nd period - Slapshot by Brandon Burlon.
4:21 of 2nd period - Deflect By Johnny Gaudreau.
4:21 of 2nd period - Stopped by Kevin Poulin with a rebound.
5:20 of 2nd period - Brandon Burlon is hit by Shane O'Brien.
5:32 of 2nd period - Slapshot by Johnny Gaudreau.
5:32 of 2nd period - Goal by Johnny Gaudreau - Bruins : 0 - Devils : 2.
5:33 of 2nd period - Wojtek Wolski wins face-off versus Tyler Seguin in neutral zone.
6:15 of 2nd period - Brent Seabrook is hit by Jonathan Toews and loses puck.
6:30 of 2nd period - Snap shot by Jonathan Toews.
6:30 of 2nd period - Shot Blocked by Travis Hamonic.
6:32 of 2nd period - Slapshot by Adam Pelech.
6:32 of 2nd period - Shot Blocked by Marian Hossa.
6:34 of 2nd period - Slapshot by Kevin Bieksa.
6:34 of 2nd period - Goal by Kevin Bieksa - Bruins : 1 - Devils : 2.
6:35 of 2nd period - Mike Ribeiro wins face-off versus Viktor Arvidsson in neutral zone.
6:42 of 2nd period - Snap shot by Scott Hartnell.
6:42 of 2nd period - Shot Blocked by Johnny Gaudreau.
7:47 of 2nd period - Wrist shot by Victor Oreskovich.
7:47 of 2nd period - Stopped by Keith Kinkaid without a rebound.
7:48 of 2nd period - Kevin Porter wins face-off versus Jonathan Toews in Devils zone.
7:59 of 2nd period - Wrist shot by Kevin Porter.
7:59 of 2nd period - Stopped by Kevin Poulin without a rebound.
8:00 of 2nd period - Jonathan Toews wins face-off versus Kevin Porter in Bruins zone.
8:26 of 2nd period - T.J Galiardi is hit by Brent Seabrook and loses puck.
8:50 of 2nd period - Slapshot by Brent Seabrook.
8:50 of 2nd period - Deflect By Anthony Stewart.
8:50 of 2nd period - Stopped by Kevin Poulin with a rebound.
9:04 of 2nd period - Travis Hamonic is hit by Kevin Bieksa and loses puck.
9:23 of 2nd period - Zack Kassian is hit by Jordan Caron and loses puck.
10:15 of 2nd period - Slapshot by Mattias Tedenby.
10:15 of 2nd period - Shot Misses the Net.
10:19 of 2nd period - Wrist shot by Mattias Tedenby.
10:19 of 2nd period - Shot Blocked by Ladislav Smid.
10:21 of 2nd period - Slapshot by Adam Pelech.
10:21 of 2nd period - Shot Blocked by Anthony Stewart.
10:23 of 2nd period - Snap shot by Casey Cizikas.
10:23 of 2nd period - Goal by Casey Cizikas - Bruins : 2 - Devils : 2.
10:24 of 2nd period - Jonathan Toews wins face-off versus Tyler Seguin in neutral zone.
12:04 of 2nd period - Tyler Seguin is hit by Jonathan Toews and loses puck.
12:35 of 2nd period - Wrist shot by Dave Bolland.
12:35 of 2nd period - Deflect By T.J Galiardi.
12:35 of 2nd period - Stopped by Keith Kinkaid with a rebound.
12:37 of 2nd period - Wrist shot by Rene Bourque.
12:37 of 2nd period - Stopped by Keith Kinkaid without a rebound.
12:38 of 2nd period - Dave Bolland wins face-off versus Riley Sheahan in Devils zone.
13:01 of 2nd period - Riley Sheahan is hit by Dave Bolland and loses puck.
13:23 of 2nd period - Slapshot by Marian Hossa.
13:23 of 2nd period - Stopped by Kevin Poulin without a rebound.
13:24 of 2nd period - Tyler Seguin wins face-off versus Wojtek Wolski in Bruins zone.
13:51 of 2nd period - Brady Skjei is hit by Mike Ribeiro and loses puck.
14:16 of 2nd period - Slapshot by Brady Skjei.
14:16 of 2nd period - Stopped by Kevin Poulin with a rebound.
14:18 of 2nd period - Slapshot by Brady Skjei.
14:18 of 2nd period - Stopped by Kevin Poulin without a rebound.
14:19 of 2nd period - Jonathan Toews wins face-off versus Tyler Bozak in Bruins zone.
14:30 of 2nd period - Wrist shot by Travis Hamonic.
14:30 of 2nd period - Shot Blocked by Brendan Smith.
14:32 of 2nd period - Slapshot by Tyler Bozak.
14:32 of 2nd period - Stopped by Kevin Poulin with a rebound.
14:36 of 2nd period - Wrist shot by Rostislav Olesz.
14:36 of 2nd period - Shot Misses the Net.
14:50 of 2nd period - Snap shot by Viktor Arvidsson.
14:50 of 2nd period - Stopped by Kevin Poulin without a rebound.
14:51 of 2nd period - Mike Ribeiro wins face-off versus Tyler Seguin in Bruins zone.
14:51 of 2nd period - Mike Ribeiro is hit by Viktor Arvidsson.
15:05 of 2nd period - Wrist shot by Scott Hartnell.
15:05 of 2nd period - Stopped by Keith Kinkaid without a rebound.
15:06 of 2nd period - Tyler Seguin wins face-off versus Zack Kassian in Devils zone.
15:21 of 2nd period - Wrist shot by Johnny Gaudreau.
15:21 of 2nd period - Shot Misses the Net.
15:31 of 2nd period - Zack Kassian is hit by Brent Seabrook and loses puck.
15:55 of 2nd period - Snap shot by Wojtek Wolski.
15:55 of 2nd period - Goal by Wojtek Wolski - Bruins : 3 - Devils : 2.
15:56 of 2nd period - Tyler Seguin wins face-off versus Mike Ribeiro in neutral zone.
15:59 of 2nd period - Victor Oreskovich is hit by Brent Seabrook and loses puck.
16:04 of 2nd period - Snap shot by Johnny Gaudreau.
16:04 of 2nd period - Stopped by Kevin Poulin with a rebound.
16:06 of 2nd period - Slapshot by Brent Seabrook.
16:06 of 2nd period - Stopped by Kevin Poulin without a rebound.
16:07 of 2nd period - Zack Kassian wins face-off versus Tyler Seguin in Bruins zone.
16:12 of 2nd period - Slapshot by Wojtek Wolski.
16:12 of 2nd period - Shot Blocked by Johnny Gaudreau.
16:16 of 2nd period - Snap shot by Wojtek Wolski.
16:16 of 2nd period - Shot Blocked by Tobias Enstrom.
16:18 of 2nd period - Slapshot by Zack Kassian.
16:18 of 2nd period - Stopped by Keith Kinkaid with a rebound.
16:20 of 2nd period - Snap shot by Jonathan Toews.
16:20 of 2nd period - Shot Misses the Net.
16:22 of 2nd period - Slapshot by Jason Demers.
16:22 of 2nd period - Shot Misses the Net.
16:47 of 2nd period - Travis Hamonic is hit by Scott Hartnell.
17:01 of 2nd period - Slapshot by Travis Hamonic.
17:01 of 2nd period - Shot Misses the Net.
17:03 of 2nd period - Slapshot by Kevin Porter.
17:03 of 2nd period - Stopped by Kevin Poulin with a rebound.
17:05 of 2nd period - Slapshot by Travis Hamonic.
17:05 of 2nd period - Stopped by Kevin Poulin without a rebound.
17:06 of 2nd period - Tyler Seguin wins face-off versus Jonathan Toews in Bruins zone.
17:28 of 2nd period - Minor Penalty to Wojtek Wolski for Hooking.
17:29 of 2nd period - Jonathan Toews wins face-off versus Tyler Seguin in Bruins zone.
19:28 of 2nd period - Penalty to Wojtek Wolski is over, Wojtek Wolski is back on ice.
19:38 of 2nd period - Snap shot by Victor Oreskovich.
19:38 of 2nd period - Shot Misses the Net.
19:40 of 2nd period - Snap shot by Victor Oreskovich.
19:40 of 2nd period - Shot Misses the Net.
19:42 of 2nd period - Snap shot by Mike Ribeiro.
19:42 of 2nd period - Deflect By Scott Hartnell.
19:42 of 2nd period - Shot Misses the Net.
19:42 of 2nd period - Puck is out of play.
19:43 of 2nd period - Mike Ribeiro wins face-off versus Tyler Bozak in Devils zone.
Goals for this period are 3 for Bruins vs 1 for Devils.
Shots for this period are 14 for Bruins vs 14 for Devils.

3rd period


0:01 of 3rd period - Tyler Seguin wins face-off versus Jonathan Toews in neutral zone.
0:06 of 3rd period - Slapshot by Brent Seabrook.
0:06 of 3rd period - Shot Misses the Net.
1:14 of 3rd period - Slapshot by Rostislav Olesz.
1:14 of 3rd period - Shot Misses the Net.
2:39 of 3rd period - Snap shot by Travis Hamonic.
2:39 of 3rd period - Shot Misses the Net.
2:47 of 3rd period - Snap shot by Kevin Porter.
2:47 of 3rd period - Shot Misses the Net.
2:49 of 3rd period - Wrist shot by Kellan Lain.
2:49 of 3rd period - Stopped by Kevin Poulin without a rebound.
2:50 of 3rd period - Mike Ribeiro wins face-off versus Viktor Arvidsson in Bruins zone.
3:15 of 3rd period - Zack Kassian is hit by Riley Sheahan and loses puck.
3:24 of 3rd period - Icing by Wojtek Wolski.
3:25 of 3rd period - Jonathan Toews wins face-off versus Riley Sheahan in Bruins zone.
3:46 of 3rd period - Slapshot by Zack Kassian.
3:46 of 3rd period - Stopped by Keith Kinkaid with a rebound.
3:59 of 3rd period - Icing by Brandon Burlon.
4:00 of 3rd period - Tyler Seguin wins face-off versus Mike Ribeiro in Devils zone.
4:13 of 3rd period - Snap shot by Viktor Arvidsson.
4:13 of 3rd period - Shot Blocked by Victor Oreskovich.
4:15 of 3rd period - Snap shot by Viktor Arvidsson.
4:15 of 3rd period - Shot Misses the Net.
4:17 of 3rd period - Snap shot by Tyler Seguin.
4:17 of 3rd period - Stopped by Kevin Poulin with a rebound.
4:19 of 3rd period - Slapshot by Ladislav Smid.
4:19 of 3rd period - Shot Blocked by Brendan Smith.
5:38 of 3rd period - Tobias Enstrom is hit by Kevin Bieksa and loses puck.
6:21 of 3rd period - Snap shot by Kellan Lain.
6:21 of 3rd period - Deflect By Casey Cizikas.
6:21 of 3rd period - Stopped by Kevin Poulin without a rebound.
6:22 of 3rd period - Casey Cizikas wins face-off versus Kevin Porter in Bruins zone.
6:36 of 3rd period - Minor Penalty to Casey Cizikas for Roughing.
6:37 of 3rd period - Tyler Seguin wins face-off versus Zack Kassian in Bruins zone.
6:40 of 3rd period - Slapshot by Viktor Arvidsson.
6:40 of 3rd period - Shot Blocked by Zack Kassian.
7:04 of 3rd period - Jason Demers is hit by Kellan Lain and loses puck.
8:36 of 3rd period - Penalty to Casey Cizikas is over, Casey Cizikas is back on ice.
8:39 of 3rd period - Casey Cizikas is hit by Tobias Enstrom and loses puck.
8:59 of 3rd period - Minor Penalty to Scott Hartnell for Tripping.
9:00 of 3rd period - Jonathan Toews wins face-off versus Tyler Seguin in Bruins zone.
10:59 of 3rd period - Penalty to Scott Hartnell is over, Scott Hartnell is back on ice.
11:01 of 3rd period - Rostislav Olesz is hit by Wojtek Wolski and loses puck.
11:08 of 3rd period - Wrist shot by Rostislav Olesz.
11:08 of 3rd period - Shot Misses the Net.
11:10 of 3rd period - Slapshot by Tobias Enstrom.
11:10 of 3rd period - Stopped by Kevin Poulin with a rebound.
12:10 of 3rd period - Snap shot by Kris Chucko.
12:10 of 3rd period - Goal by Kris Chucko - Bruins : 4 - Devils : 2.
12:11 of 3rd period - Jonathan Toews wins face-off versus Tyler Seguin in neutral zone.
12:23 of 3rd period - Off-side.
12:24 of 3rd period - Jonathan Toews wins face-off versus Tyler Seguin in neutral zone.
12:29 of 3rd period - Wrist shot by Jason Demers.
12:29 of 3rd period - Shot Misses the Net.
13:33 of 3rd period - Slapshot by Mattias Tedenby.
13:33 of 3rd period - Deflect By Kris Chucko.
13:33 of 3rd period - Shot Misses the Net.
13:33 of 3rd period - Puck is out of play.
13:34 of 3rd period - Casey Cizikas wins face-off versus Tyler Bozak in Devils zone.
13:50 of 3rd period - Snap shot by Rostislav Olesz.
13:50 of 3rd period - Stopped by Kevin Poulin without a rebound.
13:51 of 3rd period - Tyler Seguin wins face-off versus Jonathan Toews in Bruins zone.
13:52 of 3rd period - Snap shot by Viktor Arvidsson.
13:52 of 3rd period - Shot Misses the Net.
14:27 of 3rd period - Minor Penalty to Brady Skjei for Roughing.
14:28 of 3rd period - Riley Sheahan wins face-off versus Jonathan Toews in Devils zone.
14:43 of 3rd period - Slapshot by Wojtek Wolski.
14:43 of 3rd period - Stopped by Keith Kinkaid with a rebound.
14:55 of 3rd period - Brent Seabrook is hit by Kevin Bieksa and loses puck.
16:10 of 3rd period - Kevin Bieksa is hit by Tyler Seguin and loses puck.
16:27 of 3rd period - Penalty to Brady Skjei is over, Brady Skjei is back on ice.
17:18 of 3rd period - Icing by Shane O'Brien.
17:19 of 3rd period - Mike Ribeiro wins face-off versus Kevin Porter in Bruins zone.
17:26 of 3rd period - Johnny Boychuk is hit by Kellan Lain and loses puck.
17:35 of 3rd period - Snap shot by Kevin Porter.
17:35 of 3rd period - Stopped by Kevin Poulin without a rebound.
17:36 of 3rd period - Tyler Seguin wins face-off versus Dave Bolland in Bruins zone.
17:41 of 3rd period - Slapshot by Viktor Arvidsson.
17:41 of 3rd period - Shot Misses the Net.
17:47 of 3rd period - Slapshot by Jason Demers.
17:47 of 3rd period - Shot Misses the Net.
17:49 of 3rd period - Snap shot by Dave Bolland.
17:49 of 3rd period - Goal by Dave Bolland - Bruins : 5 - Devils : 2.
17:50 of 3rd period - Tyler Seguin wins face-off versus Zack Kassian in neutral zone.
17:55 of 3rd period - Wrist shot by Johnny Gaudreau.
17:55 of 3rd period - Shot Misses the Net.
17:57 of 3rd period - Slapshot by Travis Hamonic.
17:57 of 3rd period - Deflect By Johnny Gaudreau.
17:57 of 3rd period - Shot Misses the Net.
17:57 of 3rd period - Puck is out of play.
17:58 of 3rd period - Wojtek Wolski wins face-off versus Tyler Seguin in Bruins zone.
17:58 of 3rd period - Wojtek Wolski is hit by Tyler Seguin.
18:20 of 3rd period - Minor Penalty to Brent Seabrook for Roughing.
18:21 of 3rd period - Riley Sheahan wins face-off versus Jonathan Toews in Devils zone.
18:35 of 3rd period - Snap shot by Jonathan Toews.
18:35 of 3rd period - Shot Blocked by Brenden Morrow.
19:39 of 3rd period - Tobias Enstrom is hit by Brendan Smith.
19:43 of 3rd period - Brendan Smith is hit by Tyler Seguin and loses puck.
Goals for this period are 2 for Bruins vs 0 for Devils.
Shots for this period are 4 for Bruins vs 6 for Devils.